 Dungeon Crawl Stone Soup version 0.22-a0-407-gb098539 (webtiles) character file.

10949 galech the Quickloader (level 11, -18/84 HPs)
             Began as a Gnoll Wanderer on May 9, 2018.
             Was a High Priest of Okawaru.
             Demolished by Rupert
             ... wielding a +2 great mace of crushing
              (23 damage)
             ... on level 1 of the Orcish Mines.
             The game lasted 00:21:54 (9328 turns).

galech the Quickloader (Gnoll Wanderer)             Turns: 9328, Time: 00:21:54

Health: -18/84     AC: 12    Str: 17    XL:     11   Next: 70%
Magic:  20/20      EV: 28    Int: 13    God:    Okawaru [*****.]
Gold:   882        SH:  8    Dex: 23    Spells: 22/22 levels left

rFire    . . .     SeeInvis +   X - +7 broad axe
rCold    . . .     Gourm    .   S - +0 buckler
rNeg     . . .     Faith    .   F - +0 troll leather armour {Purgy}
rPois    .         Spirit   .   I - +0 helmet {SInv}
rElec    .         Reflect  .   Q - +0 cloak
rCorr    .         Harm     .   M - +2 pair of gloves of Xom's Benevolence {Str+2 Dex+4 Stlth+}
MR       .....                  (no boots)
Stlth    +++++++...             L - amulet of regeneration
HPRegen  1.04/turn              v - +6 ring of evasion
MPRegen  0.17/turn              (no ring)

@: heroism
A: distributed training, fangs 1, strong nose
a: Heroism, Finesse, Renounce Religion


You were on level 1 of the Orcish Mines.
You worshipped Okawaru.
Okawaru was extremely pleased with you.
You were not hungry.

You visited 2 branches of the dungeon, and saw 12 of its levels.
You also visited: Sewer.

You collected 882 gold pieces.

Inventory:

Hand Weapons
 a - a +2 hand crossbow
 e - a +0 dagger
 U - a +0 whip of flaming
 X - a +7 broad axe (weapon)
Missiles
 b - 14 bolts
 o - 2 poisoned javelins (quivered)
Armour
 F - a +0 troll leather armour (worn) {Purgy}
 I - a +0 helmet of see invisible (worn)
 M - the +2 pair of gloves of Xom's Benevolence (worn) {Str+2 Dex+4 Stlth+}
   (You found it on level 7 of the Dungeon)

   It affects your strength (+2).
   It affects your dexterity (+4).
   It makes you more stealthy.
 Q - a +0 cloak (worn)
 S - a +0 buckler (worn)
 T - a +0 robe of positive energy
 Y - the +3 scale mail of Generosity {Dex+3}
   (Okawaru gifted it to you on level 10 of the Dungeon)

   It affects your dexterity (+3).
 Z - a +2 robe of cold resistance
Jewellery
 v - a +6 ring of evasion (left hand)
 x - an uncursed amulet of the gourmand
 y - an uncursed ring of fire
 C - an uncursed ring of see invisible
 L - an amulet of regeneration (around neck)
Scrolls
 c - a scroll of acquirement {unknown}
 h - a scroll of amnesia
 j - 4 scrolls of fog
 q - 5 scrolls of magic mapping
 r - a scroll of enchant weapon
 u - 2 scrolls of teleportation
 D - a scroll of fear
 J - a scroll of vulnerability {unknown}
 K - 3 scrolls of remove curse
 W - a scroll of enchant armour
Potions
 d - 10 potions of curing
 g - 5 potions of magic {unknown}
 k - a potion of ambrosia {unknown}
 l - 4 potions of lignification {unknown}
 m - 2 potions of cancellation {unknown}
 n - a potion of invisibility {unknown}
 p - 3 potions of brilliance {unknown}
 s - 4 potions of flight {unknown}
 t - 2 potions of resistance {unknown}
 z - 2 potions of haste {unknown}
 E - 2 potions of mutation {unknown}
 H - a potion of agility {unknown}
 R - a potion of degeneration {unknown}
Comestibles
 f - 20 rations
 i - 3 chunks of flesh


   Skills:
 + Level 7.0(12.0) Fighting
 + Level 6.4(11.4) Short Blades
 + Level 7.0(12.0) Long Blades
 + Level 6.4(11.4) Axes
 + Level 6.4(11.4) Maces & Flails
 + Level 6.4(11.4) Polearms
 + Level 6.4(11.4) Staves
 + Level 6.4(11.4) Slings
 + Level 6.4(11.4) Bows
 + Level 9.2(14.2) Crossbows
 + Level 6.4(11.4) Throwing
 + Level 7.0(12.0) Armour
 + Level 6.4(11.4) Dodging
 + Level 7.7(12.7) Stealth
 + Level 7.0(12.0) Shields
 + Level 6.4(11.4) Unarmed Combat
 + Level 6.4 Spellcasting
 + Level 5.3 Conjurations
 + Level 5.3 Hexes
 + Level 5.3 Charms
 + Level 5.3 Summonings
 + Level 5.3 Necromancy
 + Level 5.3 Translocations
 + Level 5.3 Transmutations
 + Level 5.3 Fire Magic
 + Level 5.3 Ice Magic
 + Level 5.3 Air Magic
 + Level 5.3 Earth Magic
 + Level 5.3 Poison Magic
 + Level 7.0 Invocations
 + Level 7.0 Evocations


You had 22 spell levels left.
You didn't know any spells.

Dungeon Overview and Level Annotations

Branches:
Dungeon (10/15)            Temple (0/1) D:7            Lair (0/6) D:8
    Orc (2/2) D:10
    Elf: Orc:2

Altars:
Ashenzari
Cheibriados
Dithmenos
Elyvilon
Fedhas
Hepliaklqana
Okawaru
Qazlal
Sif Muna
Vehumet
Wu Jian
Xom
Yredelemnul
The Shining One

Shops:
D:7 (

Annotations:
Orc:1 Rupert


Innate Abilities, Weirdness & Mutations

Your experience applies equally to all skills.
You have very sharp teeth.
Your uncanny sense of smell can sniff out nearby items.


Message History

You are too injured to fight recklessly!
You are too injured to fight recklessly!
You are too injured to fight recklessly!
You are too injured to fight recklessly!
You are too injured to fight recklessly!
You are too injured to fight recklessly!
You slash Rupert! Your bite misses Rupert.
Rupert is heavily wounded.
Rupert hits you with a great mace of crushing!
* * * LOW HITPOINT WARNING * * *
x2 You closely miss Rupert.
You bite Rupert.
Rupert is heavily wounded.
You block Rupert's attack.
You barely miss Rupert.
Rupert is heavily wounded.
Rupert completely misses you. x2
You hit Rupert.
Rupert is heavily wounded.
Rupert hits you with a great mace of crushing!!
You die...

### ###.###.##
###.####........#
##....##........##
#......##........#
##.....#...(..#.#######
##..........(...#.##.##
##........#..........#
##.......@..........##
#.........@<........###
##..#......)....#...#.##
###.#..)[[......#.....#
#...................##
##.#................####
##..................#.##
##....................#
#....................#
##.............####.##


You could see Rupert (berserk).

Vanquished Creatures
  Josephine (Orc:1)
  A hydra (D:9)
  A two-headed ogre (D:10)
  Urug (D:10)
  An unseen horror (D:9)
  Pikel (D:8)
  The ghost of galech the Protected, a novice GnWn of Okawaru (D:6)
  An orc sorcerer (Orc:1)
  2 dream sheep (D:9)
  A hippogriff (D:10)
  Eustachio (D:6)
  4 wraiths
  5 yaks
  2 hungry ghosts (D:10)
  Menkaure (D:4)
  A soldier ant (D:8)
  A water moccasin (D:9)
  2 sky beasts
  A black bear (D:9)
  A slave (D:8)
  Purgy (Sewer)
  2 phantoms (D:7)
  3 orc warriors
  6 ogres
  3 centaurs
  4 bullfrogs
  4 big kobolds (D:9)
  2 scorpions
  2 troll zombies (D:10)
  5 wights (D:9)
  3 crimson imps
  A quasit (D:5)
  7 hounds
  A bullfrog skeleton (D:10)
  2 centaur skeletons
  5 orc priests
  3 jellies
  7 orc wizards
  Ijyb (D:4)
  4 worker ants
  3 iguanas
  4 ogre zombies (D:10)
  A hound zombie (D:9)
  A hound skeleton (D:4)
  15 adders
  6 gnolls
  A shadow imp (D:10)
  An adder zombie (D:8)
  An adder skeleton (D:9)
  5 worms
  A dart slug (D:4)
  3 leopard geckos
  26 orcs
  5 giant cockroaches
  14 goblins
  7 hobgoblins
  9 jackals
  3 quokkas
  2 ball pythons
  13 bats
  5 frilled lizards
  5 hobgoblin zombies (D:10)
  A jackal skeleton (D:4)
  16 kobolds
  A leopard gecko skeleton (D:4)
  An orc skeleton (D:10)
  13 orc zombies (D:10)
  A quokka skeleton (D:4)
  9 rats
269 creatures vanquished.

Vanquished Creatures (others)
  A slave (D:8)
  2 bullfrogs (D:8)
  A gnoll (D:8)
  An orc (D:8)
5 creatures vanquished.

Grand Total: 274 creatures vanquished

Notes
Turn   | Place    | Note
-------+----------+-------------------------------------------
     0 | D:1      | galech the Gnoll Wanderer began the quest for the Orb.
     0 | D:1      | galech set off with: a +2 hand crossbow, 25 bolts, a +0 ring mail, a potion of curing, a +0 dagger, a ration
     0 | D:1      | Reached XP level 1. HP: 17/17 MP: 2/2
    87 | D:1      | Reached XP level 2. HP: 23/23 MP: 3/3
   265 | D:1      | Reached XP level 3. HP: 28/28 MP: 4/4
   678 | D:2      | Reached skill level 1 in Invocations
   681 | D:2      | Found a stormy altar of Qazlal.
   895 | D:2      | Reached skill level 1 in Short Blades
   895 | D:2      | Reached skill level 1 in Axes
   895 | D:2      | Reached skill level 1 in Maces & Flails
   895 | D:2      | Reached skill level 1 in Polearms
   895 | D:2      | Reached skill level 1 in Staves
   895 | D:2      | Reached skill level 1 in Slings
   895 | D:2      | Reached skill level 1 in Bows
   895 | D:2      | Reached skill level 1 in Throwing
   895 | D:2      | Reached skill level 1 in Dodging
   895 | D:2      | Reached skill level 1 in Unarmed Combat
   895 | D:2      | Reached skill level 1 in Spellcasting
   985 | D:2      | Reached XP level 4. HP: 34/34 MP: 6/6
  1871 | D:3      | Reached skill level 1 in Conjurations
  1871 | D:3      | Reached skill level 1 in Hexes
  1871 | D:3      | Reached skill level 1 in Charms
  1871 | D:3      | Reached skill level 1 in Summonings
  1871 | D:3      | Reached skill level 1 in Necromancy
  1871 | D:3      | Reached skill level 1 in Translocations
  1871 | D:3      | Reached skill level 1 in Transmutations
  1871 | D:3      | Reached skill level 1 in Fire Magic
  1871 | D:3      | Reached skill level 1 in Ice Magic
  1871 | D:3      | Reached skill level 1 in Air Magic
  1871 | D:3      | Reached skill level 1 in Earth Magic
  1871 | D:3      | Reached skill level 1 in Poison Magic
  2058 | D:3      | Found a deep blue altar of Sif Muna.
  2175 | D:4      | Reached XP level 5. HP: 40/40 MP: 7/7
  2267 | D:4      | Found a shadowy altar of Dithmenos.
  2322 | D:4      | Noticed an ogre
  2328 | D:4      | Noticed an ogre
  2328 | D:4      | Killed an ogre
  2339 | D:4      | Killed an ogre
  2339 | D:4      | Reached XP level 6. HP: 36/47 MP: 8/8
  2456 | D:4      | Noticed Menkaure
  2458 | D:4      | Killed Menkaure
  2462 | D:4      | Reached XP level 7. HP: 52/52 MP: 8/10
  2592 | D:4      | Reached skill level 7 in Crossbows
  2625 | D:4      | Noticed Ijyb
  2628 | D:4      | Killed Ijyb
  3133 | D:4      | Reached skill level 5 in Stealth
  3134 | D:4      | Found an iron altar of Okawaru.
  3155 | D:4      | Became a worshipper of Warmaster Okawaru
  3201 | D:5      | Entered Level 5 of the Dungeon
  3210 | D:5      | Found a hazy altar of Hepliaklqana.
  3400 | D:5      | Found a glowing drain.
  3418 | Sewer    | Entered a sewer
  3425 | Sewer    | Noticed Purgy
  3439 | Sewer    | Killed Purgy
  3439 | Sewer    | Reached XP level 8. HP: 41/60 MP: 12/12
  3787 | D:5      | Reached * piety under Okawaru
  4081 | D:5      | Found a radiant altar of Vehumet.
  4211 | D:6      | Noticed galech's ghost (novice GnWn)
  4330 | D:6      | Found an ornate altar of the Wu Jian Council.
  4554 | D:6      | Found a basalt altar of Yredelemnul.
  4555 | D:6      | Found a snail-covered altar of Cheibriados.
  4606 | D:6      | Found a shattered altar of Ashenzari.
  4608 | D:6      | Found a blossoming altar of Fedhas.
  4612 | D:6      | Found a white marble altar of Elyvilon.
  4866 | D:6      | Noticed Eustachio
  4878 | D:6      | Killed Eustachio
  4999 | D:6      | Found a hazy altar of Hepliaklqana.
  5091 | D:7      | Reached XP level 9. HP: 64/66 MP: 14/14
  5113 | D:7      | Got a pair of heavily runed gloves
  5119 | D:7      | Identified the +2 pair of gloves of Xom's Benevolence {Str+2 Dex+4 Stlth+} (You found it on level 7 of the Dungeon)
  5275 | D:7      | Found Oneocap's Antique Weapon Shop.
  5329 | D:7      | Found a staircase to the Ecumenical Temple.
  5592 | D:7      | Reached ** piety under Okawaru
  5995 | D:6      | Killed galech's ghost
  5995 | D:6      | Reached skill level 5 in Fighting
  5995 | D:6      | Reached skill level 5 in Long Blades
  5995 | D:6      | Reached skill level 5 in Armour
  5995 | D:6      | Reached skill level 5 in Shields
  5995 | D:6      | Reached skill level 5 in Evocations
  6094 | D:8      | Found a shimmering altar of Xom.
  6129 | D:8      | Noticed Pikel
  6150 | D:8      | Killed Pikel
  6150 | D:8      | Reached skill level 8 in Crossbows
  6150 | D:8      | Reached skill level 5 in Invocations
  6334 | D:8      | Reached *** piety under Okawaru
  6334 | D:8      | Reached XP level 10. HP: 74/74 MP: 17/17
  6449 | D:8      | Found a staircase to the Lair.
  6652 | D:8      | Found a glowing golden altar of the Shining One.
  6922 | D:9      | Noticed an unseen horror
  6931 | D:9      | Killed an unseen horror
  6931 | D:9      | Reached skill level 5 in Short Blades
  6931 | D:9      | Reached skill level 5 in Axes
  6931 | D:9      | Reached skill level 5 in Maces & Flails
  6931 | D:9      | Reached skill level 5 in Polearms
  6931 | D:9      | Reached skill level 5 in Staves
  6931 | D:9      | Reached skill level 5 in Slings
  6931 | D:9      | Reached skill level 5 in Bows
  6931 | D:9      | Reached skill level 5 in Throwing
  6931 | D:9      | Reached skill level 5 in Dodging
  6931 | D:9      | Reached skill level 5 in Unarmed Combat
  6931 | D:9      | Reached skill level 5 in Spellcasting
  7114 | D:9      | Found a stormy altar of Qazlal.
  7338 | D:9      | Reached **** piety under Okawaru
  7399 | D:9      | Noticed a three-headed hydra
  7411 | D:9      | Killed a three-headed hydra
  7878 | D:10     | Entered Level 10 of the Dungeon
  7899 | D:10     | Noticed a two-headed ogre
  7927 | D:10     | Killed a two-headed ogre
  7927 | D:10     | Reached ***** piety under Okawaru
  7927 | D:10     | Reached XP level 11. HP: 25/82 MP: 16/19
  8250 | D:10     | Noticed Urug
  8268 | D:10     | Killed Urug
  8268 | D:10     | Received a gift from Okawaru
  8268 | D:10     | Reached skill level 9 in Crossbows
  8273 | D:10     | Got a bronze scale mail {god gift}
  8284 | D:10     | Identified the +3 scale mail of Generosity {Dex+3} (Okawaru gifted it to you on level 10 of the Dungeon)
  8372 | D:10     | Reached skill level 5 in Conjurations
  8372 | D:10     | Reached skill level 5 in Hexes
  8372 | D:10     | Reached skill level 5 in Charms
  8372 | D:10     | Reached skill level 5 in Summonings
  8372 | D:10     | Reached skill level 5 in Necromancy
  8372 | D:10     | Reached skill level 5 in Translocations
  8372 | D:10     | Reached skill level 5 in Transmutations
  8372 | D:10     | Reached skill level 5 in Fire Magic
  8372 | D:10     | Reached skill level 5 in Ice Magic
  8372 | D:10     | Reached skill level 5 in Air Magic
  8372 | D:10     | Reached skill level 5 in Earth Magic
  8372 | D:10     | Reached skill level 5 in Poison Magic
  8444 | D:10     | Found a staircase to the Orcish Mines.
  9042 | Orc:1    | Entered Level 1 of the Orcish Mines
  9120 | Orc:1    | Noticed an orc sorcerer
  9144 | Orc:1    | Killed an orc sorcerer
  9156 | Orc:1    | Noticed Josephine
  9171 | Orc:1    | Killed Josephine
  9286 | Orc:2    | Entered Level 2 of the Orcish Mines
  9295 | Orc:2    | Noticed Rupert
  9325 | Orc:1    | HP: 2/84 [Rupert/great mace of crushing (3)]
  9328 | Orc:1    | Demolished by Rupert

Vault maps used:
D:1:      saegor_arrival_simple_c
D:2:      grunt_qazlal_clouds, first_ration
D:3:      lemuel_blue_sif_altar
D:4:      kennysheep_little_box, okawaru_altar_gauntlet_db, uniq_ijyb,
          uniq_menkaure
D:5:      vehumet_altar_wand_db, basic_altar, portal_sewer_entry_d
D:6:      chequers_temple_overflow_statue_of_worship, lemuel_doored_altar,
          nicolae_overflow_crystal_walls, grunt_temple_overflow_open,
          uniq_eustachio
D:7:      minmay_temple_entry_from_below_a, serial_shops, shop
D:8:      tso_altar, lemuel_coloured_pillars_altar, lair_entry_dummy, uniq_pikel
D:9:      basic_altar, hangedman_ranch
D:10:     zombieorc1_lemuel, uniq_urug
Orc:1:    uniq_erica, uniq_josephine
Orc:2:    st_orc_ogre_mass, basic_altar, uniq_rupert
Sewer:    kennysheep_door_sewer

Skill      XL: |  1  2  3  4  5  6  7  8  9 10 11 |
---------------+----------------------------------+-----
Invocations    | 1 2 3 4 5 6 7 |  7.0
Short Blades   | 1 2 3 4 5 6 |  6.4
Axes           | 1 2 3 4 5 6 |  6.4
Maces & Flails | 1 2 3 4 5 6 |  6.4
Polearms       | 1 2 3 4 5 6 |  6.4
Staves         | 1 2 3 4 5 6 |  6.4
Slings         | 1 2 3 4 5 6 |  6.4
Bows           | 1 2 3 4 5 6 |  6.4
Throwing       | 1 2 3 4 5 6 |  6.4
Dodging        | 1 2 3 4 5 6 |  6.4
Unarmed Combat | 1 2 3 4 5 6 |  6.4
Spellcasting   | 1 2 3 4 5 6 |  6.4
Conjurations   | 1 2 3 4 5 |  5.3
Hexes          | 1 2 3 4 5 |  5.3
Charms         | 1 2 3 4 5 |  5.3
Summonings     | 1 2 3 4 5 |  5.3
Necromancy     | 1 2 3 4 5 |  5.3
Translocations | 1 2 3 4 5 |  5.3
Transmutations | 1 2 3 4 5 |  5.3
Fire Magic     | 1 2 3 4 5 |  5.3
Ice Magic      | 1 2 3 4 5 |  5.3
Air Magic      | 1 2 3 4 5 |  5.3
Earth Magic    | 1 2 3 4 5 |  5.3
Poison Magic   | 1 2 3 4 5 |  5.3
Fighting       | 3 4 5 6 7 |  7.0
Long Blades    | 3 4 5 6 7 |  7.0
Armour         | 3 4 5 6 7 |  7.0
Shields        | 3 4 5 6 7 |  7.0
Evocations     | 3 4 5 6 7 |  7.0
Crossbows      | 7 8 9 |  9.2
Stealth        | 5 6 7 |  7.7

Action                   |  1- 3 |  4- 6 |  7- 9 | 10-12 || total
-------------------------+-------+-------+-------+-------++-------
Melee: Whip              |       |       |       |    83 ||    83
       Bite              |       |       |       |    36 ||    36
       Broad axe         |       |       |       |   112 ||   112
 Fire: Hand crossbow     |    88 |    98 |   323 |   220 ||   729
Throw: Javelin           |       |       |       |    25 ||    25
Invok: Heroism           |       |       |     1 |     4 ||     5
  Use: Scroll            |       |       |     7 |     6 ||    13
 Stab: Sleeping          |       |       |       |     8 ||     8
  Eat: Chunk             |       |     5 |     6 |     9 ||    20
       Ration            |       |       |     2 |       ||     2
Armor: Ring mail         |     7 |     8 |    11 |       ||    26
       Troll leather arm |       |       |    24 |    38 ||    62
Dodge: Dodged            |     6 |    22 |   144 |   226 ||   398
Block: Buckler           |       |       |    10 |    76 ||    86

Table legend:
 A = Spawn XP
 B = Non-spawn XP
 C = Spawn XP percentage of total XP
 D = Spawn monster count
 E = Non-spawn monster count
 F = Spawn count percentage of total count
 G = Total turns spent on level
                    A         B        C        D         E        F      G
               +---------+---------+-------+---------+---------+-------+---------
         Total |       0 |   15642 |   0.0 |       0 |     268 |   0.0 |  9328
               +---------+---------+-------+---------+---------+-------+---------
           D:1 |       0 |      47 |   0.0 |       0 |      30 |   0.0 |   648
           D:2 |       0 |      57 |   0.0 |       0 |      24 |   0.0 |   840
           D:3 |       0 |      56 |   0.0 |       0 |      18 |   0.0 |   684
           D:4 |       0 |     843 |   0.0 |       0 |      32 |   0.0 |  1029
           D:5 |       0 |     622 |   0.0 |       0 |      18 |   0.0 |   841
           D:6 |       0 |    1182 |   0.0 |       0 |      10 |   0.0 |  1088
           D:7 |       0 |     775 |   0.0 |       0 |      19 |   0.0 |   709
           D:8 |       0 |    1064 |   0.0 |       0 |      15 |   0.0 |   826
           D:9 |       0 |    3851 |   0.0 |       0 |      27 |   0.0 |   999
          D:10 |       0 |    4330 |   0.0 |       0 |      55 |   0.0 |  1164
         Orc:1 |       0 |    2538 |   0.0 |       0 |      13 |   0.0 |   255
         Orc:2 |       0 |     121 |   0.0 |       0 |       1 |   0.0 |    31
         Sewer |       0 |     156 |   0.0 |       0 |       6 |   0.0 |   214
               +---------+---------+-------+---------+---------+-------+---------
